Canucks vs Flyers
Created - December 26, 2024 at 20:39
Goals
|
| Canucks |
0 |
3 |
0 |
0 |
0 |
3 |
| Flyers |
1 |
0 |
2 |
0 |
1 |
4 |
|
Shots
|
| Canucks |
11 |
16 |
7 |
1 |
3 |
35 |
| Flyers |
10 |
13 |
10 |
2 |
2 |
35 |
|
1st period
1. Flyers , Niclas Bergfors 7 (Brian Lashoff 9, Kasperi Kapanen 16) at 14:56
Penalties :
Jordan Eberle (Van) for High sticking (Minor) at 9:19, Kevin Hayes (Phi) for Interference (Minor) at 18:10
2nd period
2. Canucks , J.T. Miller 17 (Tyler Cuma 13, Petr Mrazek) at 4:42 (PP)
3. Canucks , J.T. Miller 18 (Yanni Gourde 18, Tony DeAngelo 10) at 19:01
4. Canucks , Alex Goligoski 1 (Robert Nilsson 10, Mark Jankowski 5) at 19:46
Penalties :
Tyler Cuma (Van) for Holding (Minor) at 2:23, Brian Lashoff (Phi) for Tripping (Minor) at 3:23, Kevin Hayes (Phi) for Slashing (Minor) at 10:21
3rd period
5. Flyers , Niclas Bergfors 8 (Max Pacioretty 7, Travis Konecny 4) at 10:20
6. Flyers , Travis Konecny 11 (Cal Foote 6, Steve Mason) at 17:57
Penalties :
Yanni Gourde (Van) for Roughing (Minor) at 0:19, Tyler Cuma (Van) for Diving (Minor) at 6:38, Jason Spezza (Van) for Slashing (Minor) at 15:00
Overtime #1
No Goal
Penalties :
No Penalty
Shootout
Canucks, J.T. Miller - Stopped by Steve Mason
Flyers, Nick Ritchie - Stopped by Petr Mrazek
Canucks, Jordan Eberle - Stopped by Steve Mason
Flyers, Kasperi Kapanen - Goal!
Canucks, Yanni Gourde - Shot Misses the Net
Penalties :
No Penalty
Goalie Stats
Petr Mrazek (Van), 32 saves from 35 shots - (0.914), OTL, 7-8-3, 65:00 minutes
Steve Mason (Phi), 32 saves from 35 shots - (0.914), W, 13-4-1, 65:00 minutes
Players Stats for Canucks
Player Name G A P +/- PIM S H SB GA TA FO MP PP MP PK MP
------------------------------------------------------------------------------------
Alex Goligoski 1 0 1 0 0 2 3 2 0 2 0/0 20:22 1:43 4:43
Ben Harpur 0 0 0 -1 0 1 2 0 0 0 0/0 11:55 0:00 0:05
Brock Boeser 0 0 0 -2 0 5 0 0 0 1 0/0 14:01 1:31 0:00
Chris Tierney 0 0 0 -2 0 0 0 2 0 0 2/9 18:41 1:31 2:56
Daniel Zaar 0 0 0 -1 0 1 1 0 0 0 0/0 6:37 0:00 0:00
Denis Gurianov 0 0 0 -1 0 1 0 0 0 0 0/0 8:07 0:00 1:25
Gilbert Brule 0 0 0 -1 0 1 2 0 0 0 0/2 7:04 0:00 0:23
J.T. Miller 2 0 2 1 0 11 1 0 1 1 3/15 26:03 2:47 5:16
Jason Spezza 0 0 0 1 2 2 2 0 0 0 0/0 12:53 0:00 1:43
Jordan Eberle 0 0 0 1 2 1 2 0 0 1 1/2 25:10 2:47 4:21
Mark Jankowski 0 1 1 1 0 1 2 0 0 0 0/0 11:44 0:00 0:34
Matt Martin 0 0 0 -2 0 0 3 0 1 0 1/2 14:58 1:31 0:00
Michael Kesselring 0 0 0 -1 0 0 0 0 0 0 0/0 12:54 0:00 1:20
Robert Nilsson 0 1 1 1 0 4 1 1 0 0 5/9 12:50 0:00 0:00
Tony DeAngelo 0 1 1 0 0 1 0 0 1 2 0/0 19:16 1:43 4:20
Travis Hamonic 0 0 0 0 0 3 4 0 0 3 0/0 32:25 2:35 4:31
Tyler Cuma 0 1 1 0 4 0 0 1 1 3 0/0 28:54 2:55 2:53
Yanni Gourde 0 1 1 1 2 1 2 0 0 0 11/26 21:06 2:27 1:14
Players Stats for Flyers
Player Name G A P +/- PIM S H SB GA TA FO MP PP MP PK MP
------------------------------------------------------------------------------------
Brian Lashoff 0 1 1 0 2 0 2 3 1 0 0/0 22:13 3:10 1:36
Cal Foote 0 1 1 1 0 0 1 2 0 0 0/0 12:59 0:36 0:00
Calle Jarnkrok 0 0 0 1 0 2 0 0 1 1 5/12 13:16 0:00 2:48
Ivan Provorov 0 0 0 0 0 0 1 2 2 0 0/0 21:39 3:11 1:56
Jacob Trouba 0 0 0 0 0 0 1 1 0 0 0/0 28:04 5:09 2:35
Jake Dotchin 0 0 0 1 0 0 1 0 0 0 0/0 13:06 0:36 0:07
Jordan Nolan 0 0 0 1 0 1 3 0 1 0 27/39 24:29 4:44 1:23
Kasperi Kapanen 0 1 1 1 0 3 1 0 0 0 1/1 21:52 4:44 0:00
Kevin Hayes 0 0 0 -1 4 5 1 0 1 0 2/3 19:21 4:12 0:07
Kyle Okposo 0 0 0 0 0 1 1 0 0 0 0/0 8:11 0:00 0:00
Max Pacioretty 0 1 1 1 0 3 0 0 1 0 0/1 17:28 4:12 2:32
Michael Bournival 0 0 0 0 0 2 3 0 0 0 0/0 8:08 0:00 0:00
Nathan Beaulieu 0 0 0 0 0 4 1 2 0 1 0/0 26:58 5:09 2:22
Nick Ritchie 0 0 0 1 0 4 1 0 3 1 1/1 22:41 4:44 0:00
Niclas Bergfors 2 0 2 1 0 3 1 0 1 0 0/0 9:19 0:00 0:00
Patrice Bergeron 0 0 0 0 0 3 1 0 0 0 3/5 8:08 0:00 0:00
Samuel Morin 0 0 0 -1 0 0 1 0 1 0 1/1 14:37 0:00 1:46
Travis Konecny 1 1 2 -1 0 4 0 0 1 1 2/2 17:11 4:12 0:00
3 Stars
1 - Niclas Bergfors (Phi)
2 - J.T. Miller (Van)
3 - Alex Goligoski (Van)
Power Play
Canucks - 1 on 3 Attempt(s) - 33.33%
Flyers - 0 on 5 Attempt(s) - 0.00%
Penalty Kill
Canucks - 5 on 5 Attempt(s) - 100.00%
- Score 0 goal in Penalty Kill
Flyers - 2 on 3 Attempt(s) - 66.67%
- Score 0 goal in Penalty Kill
Team Stat
Canucks - Hits : 25 - Faceoff Wins : 23 - Blocked Shots : 6 - Penalty Minutes : 10
Flyers - Hits : 20 - Faceoff Wins : 42 - Blocked Shots : 10 - Penalty Minutes : 6
Official
Referees : Corey Syvret and Kyle Rehman
Linesman : Brian Mach and Vaughan Rody
Game Notes
No Game Note
Finance
Level 1 -- Attendance: 6000 (100.00%) -- Ticket Income $600,000
Level 2 -- Attendance: 4877 (97.54%) -- Ticket Income $341,390
Level 3 -- Attendance: 1913 (95.65%) -- Ticket Income $76,520
Level 4 -- Attendance: 3792 (94.80%) -- Ticket Income $113,760
Luxury Box -- Attendance: 909 (90.90%) -- Ticket Income $181,800
Game was played at the Wells Fargo Center.
Total Attendance: 17491 (97.17%)
Total Ticket Income: $1,313,470
Other Income: $197,020
Total Income: $1,510,490
Canucks
5 vs 5 Forward
Center Left Wing Right Wing Time % Phy DF OF
1 Yanni Gourde J.T. Miller Jordan Eberle 40 1 2 2
2 Chris Tierney Matt Martin Brock Boeser 30 1 2 2
3 Robert Nilsson Mark Jankowski Jason Spezza 20 1 2 2
4 Gilbert Brule Denis Gurianov Daniel Zaar 10 1 2 2
5 vs 5 Defense
Defense Defense Time % Phy DF OF
1 Travis Hamonic Tyler Cuma 40 1 2 2
2 Alex Goligoski Tony DeAngelo 30 1 2 2
3 Ben Harpur Michael Kesselring 20 1 2 2
4 Travis Hamonic Tyler Cuma 10 1 2 2
PowerPlay Forward
Center Left Wing Right Wing Time % Phy DF OF
1 Yanni Gourde J.T. Miller Jordan Eberle 60 1 2 2
2 Chris Tierney Matt Martin Brock Boeser 40 1 2 2
PowerPlay Defense
Defense Defense Time % Phy DF OF
1 Travis Hamonic Tyler Cuma 60 1 2 2
2 Alex Goligoski Tony DeAngelo 40 1 2 2
Penalty Kill 4 Players Forward
Center Wing Time % Phy DF OF
1 J.T. Miller Jordan Eberle 60 1 2 2
2 Yanni Gourde Chris Tierney 40 1 2 2
Penalty Kill 4 Players Defense
Defense Defense Time % Phy DF OF
1 Travis Hamonic Tyler Cuma 60 1 2 2
2 Alex Goligoski Tony DeAngelo 40 1 2 2
Penalty Kill - 3 Players Forward
Forward Time % Phy DF OF
1 J.T. Miller 60 1 2 2
2 Jordan Eberle 40 1 2 2
Penalty Kill - 3 Players Defense
Defense Defense Time % Phy DF OF
1 Travis Hamonic Tyler Cuma 60 1 2 2
2 Alex Goligoski Tony DeAngelo 40 1 2 2
4 vs 4 Forward
Center Wing Time % Phy DF OF
1 J.T. Miller Jordan Eberle 60 1 2 2
2 Yanni Gourde Chris Tierney 40 1 2 2
4 vs 4 Defense
Defense Defense Time % Phy DF OF
1 Travis Hamonic Tyler Cuma 60 1 2 2
2 Alex Goligoski Tony DeAngelo 40 1 2 2
Last Minutes Offensive
Center Left Wing Right Wing Defense Defense
Yanni Gourde J.T. Miller Jordan Eberle Travis Hamonic Tyler Cuma
Last Minutes Defensive
Center Left Wing Right Wing Defense Defense
Yanni Gourde J.T. Miller Jordan Eberle Travis Hamonic Tyler Cuma
Goaltenders
Starting : Petr Mrazek
Backup : Matt Hackett
Extra Forwards
Normal : Robert Nilsson, Gilbert Brule, Jason Spezza - PP : Robert Nilsson, Gilbert Brule - PK : Jason Spezza
Extra Defensemen
Normal : Ben Harpur, Michael Kesselring, Alex Goligoski - PP : Ben Harpur - PK : Michael Kesselring, Alex Goligoski
Penalty Shots
J.T. Miller, Jordan Eberle, Yanni Gourde, Chris Tierney, Matt Martin
Custom OT Lines Forwards
J.T. Miller, Jordan Eberle, Yanni Gourde, Chris Tierney, Matt Martin, Robert Nilsson, Brock Boeser, Gilbert Brule, Jason Spezza, Mark Jankowski
Custom OT Lines Defensemen
Travis Hamonic, Tyler Cuma, Alex Goligoski, Tony DeAngelo, Ben Harpur
Scratches
Oliver Ekman-Larsson (Sprained Left Ankle Injury), Tyler Kennedy (Healthy)
Flyers
5 vs 5 Forward
Center Left Wing Right Wing Time % Phy DF OF
1 Jordan Nolan Nick Ritchie Kasperi Kapanen 40 0 1 4
2 Kevin Hayes Samuel Morin Travis Konecny 30 0 2 3
3 Calle Jarnkrok Max Pacioretty Niclas Bergfors 20 0 2 3
4 Patrice Bergeron Michael Bournival Kyle Okposo 10 0 2 3
5 vs 5 Defense
Defense Defense Time % Phy DF OF
1 Jacob Trouba Nathan Beaulieu 40 0 2 3
2 Ivan Provorov Brian Lashoff 35 0 2 3
3 Jake Dotchin Cal Foote 25 0 3 2
4 Jake Dotchin Cal Foote 0 0 3 2
PowerPlay Forward
Center Left Wing Right Wing Time % Phy DF OF
1 Jordan Nolan Nick Ritchie Kasperi Kapanen 51 0 1 4
2 Kevin Hayes Max Pacioretty Travis Konecny 49 0 1 4
PowerPlay Defense
Defense Defense Time % Phy DF OF
1 Jacob Trouba Nathan Beaulieu 51 0 1 4
2 Ivan Provorov Brian Lashoff 49 0 1 4
Penalty Kill 4 Players Forward
Center Wing Time % Phy DF OF
1 Kevin Hayes Samuel Morin 50 1 4 0
2 Calle Jarnkrok Max Pacioretty 50 1 4 0
Penalty Kill 4 Players Defense
Defense Defense Time % Phy DF OF
1 Jacob Trouba Nathan Beaulieu 50 1 4 0
2 Ivan Provorov Brian Lashoff 50 1 4 0
Penalty Kill - 3 Players Forward
Forward Time % Phy DF OF
1 Kevin Hayes 50 1 4 0
2 Jordan Nolan 50 1 4 0
Penalty Kill - 3 Players Defense
Defense Defense Time % Phy DF OF
1 Jacob Trouba Nathan Beaulieu 50 1 4 0
2 Ivan Provorov Brian Lashoff 50 1 4 0
4 vs 4 Forward
Center Wing Time % Phy DF OF
1 Jordan Nolan Nick Ritchie 55 1 2 2
2 Kevin Hayes Kasperi Kapanen 45 1 2 2
4 vs 4 Defense
Defense Defense Time % Phy DF OF
1 Jacob Trouba Nathan Beaulieu 55 1 2 2
2 Ivan Provorov Brian Lashoff 45 1 2 2
Last Minutes Offensive
Center Left Wing Right Wing Defense Defense
Jordan Nolan Nick Ritchie Kasperi Kapanen Jacob Trouba Nathan Beaulieu
Last Minutes Defensive
Center Left Wing Right Wing Defense Defense
Kevin Hayes Samuel Morin Travis Konecny Jacob Trouba Brian Lashoff
Goaltenders
Starting : Steve Mason
Backup : Ilya Sorokin
Extra Forwards
Normal : Nick Ritchie, Max Pacioretty, Travis Konecny - PP : Nick Ritchie, Max Pacioretty - PK : Jordan Nolan
Extra Defensemen
Normal : Jacob Trouba, Ivan Provorov, Brian Lashoff - PP : Nathan Beaulieu - PK : Jacob Trouba, Brian Lashoff
Penalty Shots
Nick Ritchie, Kasperi Kapanen, Jordan Nolan, Niclas Bergfors, Travis Konecny
Custom OT Lines Forwards
Jordan Nolan, Nick Ritchie, Kasperi Kapanen, Kevin Hayes, Calle Jarnkrok, Max Pacioretty, Niclas Bergfors, Travis Konecny, Patrice Bergeron, Michael Bournival
Custom OT Lines Defensemen
Jacob Trouba, Brian Lashoff, Nathan Beaulieu, Ivan Provorov, Cal Foote
Scratches
None
% Time on Ice - Canucks
Lines # - Real PCT - Wanted PCT - Time Play
Normal Forward
1 - 34% - 40% - 15:26
2 - 28% - 30% - 12:41
3 - 24% - 20% - 11:03
4 - 14% - 10% - 6:37
Normal Defense
1 - 43% - 40% - 19:52
2 - 29% - 30% - 13:10
3 - 24% - 20% - 10:49
4 - 4% - 10% - 1:56
PP Forward
1 - 65% - 60% - 2:47
2 - 35% - 40% - 1:31
PP Defense
1 - 60% - 60% - 2:35
2 - 40% - 40% - 1:43
PK Forward
1 - 77% - 60% - 6:52
2 - 23% - 40% - 2:04
PK Defense
1 - 51% - 60% - 4:36
2 - 49% - 40% - 4:20
PK3 Forward
1 - 0% - 60%
2 - 0% - 40%
PK3 Defense
1 - 0% - 60%
2 - 0% - 40%
44 Forward
1 - 66% - 60% - 0:39
2 - 34% - 40% - 0:20
44 Defense
1 - 95% - 60% - 0:56
2 - 5% - 40% - 0:03
Last Minute Offensive - 0:00
Last Minute Defensive - 0:00
Total
Forward - 60:00
Defense - 60:00
|
% Time on Ice - Flyers
Lines # - Real PCT - Wanted PCT - Time Play
Normal Forward
1 - 34% - 40% - 15:46
2 - 28% - 30% - 12:51
3 - 20% - 20% - 9:02
4 - 18% - 10% - 8:08
Normal Defense
1 - 38% - 40% - 17:19
2 - 35% - 35% - 16:14
3 - 25% - 25% - 11:38
4 - 1% - 0% - 0:36
PP Forward
1 - 53% - 51% - 4:44
2 - 47% - 49% - 4:12
PP Defense
1 - 64% - 51% - 5:45
2 - 36% - 49% - 3:11
PK Forward
1 - 48% - 50% - 2:03
2 - 52% - 50% - 2:15
PK Defense
1 - 55% - 50% - 2:22
2 - 45% - 50% - 1:56
PK3 Forward
1 - 0% - 50%
2 - 0% - 50%
PK3 Defense
1 - 0% - 50%
2 - 0% - 50%
44 Forward
1 - 59% - 55% - 0:35
2 - 41% - 45% - 0:24
44 Defense
1 - 69% - 55% - 0:41
2 - 31% - 45% - 0:18
Last Minute Offensive - 0:00
Last Minute Defensive - 0:00
Total
Forward - 60:00
Defense - 60:00
|
Play-by-Play
1st period
0:01 of 1st period - Jordan Nolan wins face-off versus Yanni Gourde in neutral zone.
1:18 of 1st period - Slapshot by Tyler Cuma.
1:18 of 1st period - Shot Misses the Net.
1:20 of 1st period - Slapshot by Tyler Cuma.
1:20 of 1st period - Shot Misses the Net.
2:18 of 1st period - Slapshot by Niclas Bergfors.
2:18 of 1st period - Shot Blocked by Chris Tierney.
2:40 of 1st period - Wrist shot by Jason Spezza.
2:40 of 1st period - Shot Blocked by Cal Foote.
2:42 of 1st period - Backhand shot by Tony DeAngelo.
2:42 of 1st period - Shot Misses the Net.
2:44 of 1st period - Snap shot by Mark Jankowski.
2:44 of 1st period - Stopped by Steve Mason with a rebound.
2:46 of 1st period - Slapshot by Robert Nilsson.
2:46 of 1st period - Stopped by Steve Mason without a rebound.
2:47 of 1st period - Jordan Nolan wins face-off versus Yanni Gourde in Flyers zone.
3:14 of 1st period - Jacob Trouba is hit by Jason Spezza and loses puck.
3:18 of 1st period - Icing by Jacob Trouba.
3:19 of 1st period - Samuel Morin wins face-off versus Robert Nilsson in Flyers zone.
3:19 of 1st period - Samuel Morin is hit by Jason Spezza.
3:25 of 1st period - Travis Hamonic is hit by Jake Dotchin and loses puck.
5:14 of 1st period - Snap shot by Kevin Hayes.
5:14 of 1st period - Stopped by Petr Mrazek without a rebound.
5:15 of 1st period - Yanni Gourde wins face-off versus Jordan Nolan in Canucks zone.
5:42 of 1st period - Nathan Beaulieu is hit by Daniel Zaar and loses puck.
6:14 of 1st period - Wrist shot by Niclas Bergfors.
6:14 of 1st period - Stopped by Petr Mrazek without a rebound.
6:15 of 1st period - Yanni Gourde wins face-off versus Calle Jarnkrok in Canucks zone.
6:41 of 1st period - Chris Tierney is hit by Patrice Bergeron and loses puck.
7:04 of 1st period - Snap shot by Nick Ritchie.
7:04 of 1st period - Shot Blocked by Alex Goligoski.
7:18 of 1st period - Wrist shot by Max Pacioretty.
7:18 of 1st period - Deflect By Yanni Gourde.
7:18 of 1st period - Stopped by Petr Mrazek with a rebound.
8:18 of 1st period - Travis Hamonic is hit by Kevin Hayes and loses puck.
8:29 of 1st period - Max Pacioretty is hit by Travis Hamonic and loses puck.
8:39 of 1st period - Icing by Travis Hamonic.
8:40 of 1st period - Jordan Nolan wins face-off versus Gilbert Brule in Canucks zone.
8:45 of 1st period - Wrist shot by Kasperi Kapanen.
8:45 of 1st period - Shot Hit the Post.
9:19 of 1st period - Minor Penalty to Jordan Eberle for High sticking.
9:20 of 1st period - J.T. Miller wins face-off versus Jordan Nolan in Canucks zone.
11:19 of 1st period - Penalty to Jordan Eberle is over, Jordan Eberle is back on ice.
11:28 of 1st period - Icing by Alex Goligoski.
11:29 of 1st period - Patrice Bergeron wins face-off versus Chris Tierney in Canucks zone.
12:17 of 1st period - Kevin Hayes is hit by Robert Nilsson and loses puck.
12:38 of 1st period - Wrist shot by Michael Bournival.
12:38 of 1st period - Shot Blocked by Robert Nilsson.
12:44 of 1st period - Michael Bournival is hit by Ben Harpur and loses puck.
13:01 of 1st period - Wrist shot by Jason Spezza.
13:01 of 1st period - Stopped by Steve Mason without a rebound.
13:02 of 1st period - Jordan Nolan wins face-off versus Yanni Gourde in Flyers zone.
13:07 of 1st period - Snap shot by Nick Ritchie.
13:07 of 1st period - Stopped by Petr Mrazek with a rebound.
13:15 of 1st period - Slapshot by Nathan Beaulieu.
13:15 of 1st period - Shot Misses the Net.
13:56 of 1st period - Snap shot by Kevin Hayes.
13:56 of 1st period - Stopped by Petr Mrazek with a rebound.
14:30 of 1st period - Kevin Hayes is hit by Matt Martin and loses puck.
14:56 of 1st period - Slapshot by Brian Lashoff.
14:56 of 1st period - Deflect By Niclas Bergfors.
14:56 of 1st period - Goal by Niclas Bergfors - Canucks : 0 - Flyers : 1.
14:57 of 1st period - Jordan Nolan wins face-off versus Yanni Gourde in neutral zone.
15:04 of 1st period - Snap shot by Jordan Nolan.
15:04 of 1st period - Stopped by Petr Mrazek without a rebound.
15:05 of 1st period - Jordan Eberle wins face-off versus Jordan Nolan in Canucks zone.
15:36 of 1st period - Off-side.
15:37 of 1st period - Matt Martin wins face-off versus Calle Jarnkrok in neutral zone.
15:46 of 1st period - Wrist shot by Brock Boeser.
15:46 of 1st period - Stopped by Steve Mason without a rebound.
15:47 of 1st period - Chris Tierney wins face-off versus Calle Jarnkrok in Flyers zone.
15:48 of 1st period - Snap shot by Brock Boeser.
15:48 of 1st period - Stopped by Steve Mason with a rebound.
16:04 of 1st period - Brian Lashoff is hit by Matt Martin and loses puck.
16:33 of 1st period - Backhand shot by Calle Jarnkrok.
16:33 of 1st period - Stopped by Petr Mrazek without a rebound.
16:34 of 1st period - Yanni Gourde wins face-off versus Jordan Nolan in Canucks zone.
16:39 of 1st period - Snap shot by Nick Ritchie.
16:39 of 1st period - Deflect By Kasperi Kapanen.
16:39 of 1st period - Stopped by Petr Mrazek with a rebound.
16:47 of 1st period - Wrist shot by J.T. Miller.
16:47 of 1st period - Stopped by Steve Mason with a rebound.
16:49 of 1st period - Snap shot by Jordan Eberle.
16:49 of 1st period - Stopped by Steve Mason with a rebound.
16:51 of 1st period - Snap shot by Yanni Gourde.
16:51 of 1st period - Shot Misses the Net.
17:25 of 1st period - Snap shot by Denis Gurianov.
17:25 of 1st period - Stopped by Steve Mason with a rebound.
17:27 of 1st period - Wrist shot by Alex Goligoski.
17:27 of 1st period - Shot Blocked by Nathan Beaulieu.
17:29 of 1st period - Snap shot by Tony DeAngelo.
17:29 of 1st period - Stopped by Steve Mason without a rebound.
17:30 of 1st period - Yanni Gourde wins face-off versus Patrice Bergeron in Flyers zone.
17:31 of 1st period - Wrist shot by J.T. Miller.
17:31 of 1st period - Stopped by Steve Mason with a rebound.
17:33 of 1st period - Snap shot by J.T. Miller.
17:33 of 1st period - Stopped by Steve Mason without a rebound.
17:34 of 1st period - Jordan Nolan wins face-off versus Yanni Gourde in Flyers zone.
17:48 of 1st period - Snap shot by Nick Ritchie.
17:48 of 1st period - Deflect By Jordan Nolan.
17:48 of 1st period - Shot Misses the Net.
17:48 of 1st period - Puck is out of play.
17:49 of 1st period - Jordan Nolan wins face-off versus Chris Tierney in Canucks zone.
17:50 of 1st period - Wrist shot by Nick Ritchie.
17:50 of 1st period - Stopped by Petr Mrazek with a rebound.
18:04 of 1st period - Snap shot by Brock Boeser.
18:04 of 1st period - Shot Misses the Net.
18:06 of 1st period - Slapshot by Tyler Cuma.
18:06 of 1st period - Deflect By Brock Boeser.
18:06 of 1st period - Shot Misses the Net.
18:06 of 1st period - Puck is out of play.
18:07 of 1st period - Travis Konecny wins face-off versus Yanni Gourde in Flyers zone.
18:07 of 1st period - Travis Konecny is hit by Travis Hamonic.
18:10 of 1st period - Minor Penalty to Kevin Hayes for Interference.
18:11 of 1st period - Yanni Gourde wins face-off versus Jordan Nolan in Flyers zone.
18:37 of 1st period - Brock Boeser is hit by Nathan Beaulieu and loses puck.
Goals for this period are 0 for Canucks vs 1 for Flyers.
Shots for this period are 11 for Canucks vs 10 for Flyers.
2nd period
0:01 of 2nd period - Calle Jarnkrok wins face-off versus Yanni Gourde in neutral zone.
0:05 of 2nd period - Off-side.
0:06 of 2nd period - Calle Jarnkrok wins face-off versus Yanni Gourde in neutral zone.
0:10 of 2nd period - Penalty to Kevin Hayes is over, Kevin Hayes is back on ice.
0:21 of 2nd period - Slapshot by Tyler Cuma.
0:21 of 2nd period - Deflect By J.T. Miller.
0:21 of 2nd period - Shot Misses the Net.
0:21 of 2nd period - Puck is out of play.
0:22 of 2nd period - Chris Tierney wins face-off versus Jordan Nolan in Flyers zone.
0:51 of 2nd period - Snap shot by Robert Nilsson.
0:51 of 2nd period - Shot Misses the Net.
0:53 of 2nd period - Slapshot by Tyler Cuma.
0:53 of 2nd period - Shot Misses the Net.
0:55 of 2nd period - Wrist shot by Mark Jankowski.
0:55 of 2nd period - Shot Misses the Net.
1:27 of 2nd period - Slapshot by Travis Konecny.
1:27 of 2nd period - Stopped by Petr Mrazek with a rebound.
1:39 of 2nd period - Snap shot by Jordan Eberle.
1:39 of 2nd period - Deflect By Max Pacioretty.
1:39 of 2nd period - Shot Misses the Net.
1:39 of 2nd period - Puck is out of play.
1:40 of 2nd period - Calle Jarnkrok wins face-off versus Gilbert Brule in Flyers zone.
2:08 of 2nd period - Snap shot by Gilbert Brule.
2:08 of 2nd period - Stopped by Steve Mason without a rebound.
2:09 of 2nd period - Jordan Nolan wins face-off versus Yanni Gourde in Flyers zone.
2:09 of 2nd period - Jordan Nolan is hit by J.T. Miller.
2:23 of 2nd period - Minor Penalty to Tyler Cuma for Holding.
2:24 of 2nd period - Jordan Nolan wins face-off versus J.T. Miller in Canucks zone.
2:36 of 2nd period - Jordan Eberle is hit by Jordan Nolan and loses puck.
3:20 of 2nd period - Slapshot by J.T. Miller.
3:20 of 2nd period - Stopped by Steve Mason without a rebound.
3:21 of 2nd period - Jordan Nolan wins face-off versus Yanni Gourde in Flyers zone.
3:23 of 2nd period - Minor Penalty to Brian Lashoff for Tripping.
3:24 of 2nd period - Jordan Nolan wins face-off versus J.T. Miller in Flyers zone.
3:36 of 2nd period - Snap shot by Nathan Beaulieu.
3:36 of 2nd period - Stopped by Petr Mrazek with a rebound.
3:38 of 2nd period - Slapshot by Nathan Beaulieu.
3:38 of 2nd period - Stopped by Petr Mrazek with a rebound.
3:40 of 2nd period - Wrist shot by Jordan Nolan.
3:40 of 2nd period - Deflect By Jordan Eberle.
3:40 of 2nd period - Shot Misses the Net.
3:40 of 2nd period - Puck is out of play.
3:41 of 2nd period - Jordan Nolan wins face-off versus J.T. Miller in Canucks zone.
4:23 of 2nd period - Penalty to Tyler Cuma is over, Tyler Cuma is back on ice.
4:42 of 2nd period - Snap shot by J.T. Miller.
4:42 of 2nd period - Goal by J.T. Miller - Canucks : 1 - Flyers : 1.
4:43 of 2nd period - Jordan Nolan wins face-off versus Chris Tierney in neutral zone.
4:46 of 2nd period - Chris Tierney is hit by Kasperi Kapanen and loses puck.
5:09 of 2nd period - Mark Jankowski is hit by Brian Lashoff and loses puck.
5:34 of 2nd period - Snap shot by Calle Jarnkrok.
5:34 of 2nd period - Stopped by Petr Mrazek without a rebound.
5:35 of 2nd period - Yanni Gourde wins face-off versus Calle Jarnkrok in Canucks zone.
6:27 of 2nd period - Wrist shot by Jason Spezza.
6:27 of 2nd period - Stopped by Steve Mason without a rebound.
6:28 of 2nd period - Robert Nilsson wins face-off versus Jordan Nolan in Flyers zone.
6:29 of 2nd period - Backhand shot by Jason Spezza.
6:29 of 2nd period - Shot Blocked by Nathan Beaulieu.
6:53 of 2nd period - Samuel Morin is hit by Yanni Gourde and loses puck.
7:37 of 2nd period - Michael Bournival is hit by Gilbert Brule and loses puck.
8:02 of 2nd period - Wrist shot by Nick Ritchie.
8:02 of 2nd period - Deflect By Kasperi Kapanen.
8:02 of 2nd period - Shot Misses the Net.
8:02 of 2nd period - Puck is out of play.
8:03 of 2nd period - Yanni Gourde wins face-off versus Jordan Nolan in Canucks zone.
8:45 of 2nd period - Kevin Hayes is hit by Mark Jankowski and loses puck.
9:18 of 2nd period - Slapshot by Tyler Cuma.
9:18 of 2nd period - Deflect By J.T. Miller.
9:18 of 2nd period - Shot Blocked by Ivan Provorov.
9:18 of 2nd period - Puck is out of play.
9:19 of 2nd period - Yanni Gourde wins face-off versus Patrice Bergeron in Flyers zone.
9:55 of 2nd period - Wrist shot by Brock Boeser.
9:55 of 2nd period - Shot Misses the Net.
10:09 of 2nd period - Samuel Morin is hit by Gilbert Brule and loses puck.
10:21 of 2nd period - Minor Penalty to Kevin Hayes for Slashing.
10:22 of 2nd period - Yanni Gourde wins face-off versus Calle Jarnkrok in Flyers zone.
10:34 of 2nd period - Snap shot by J.T. Miller.
10:34 of 2nd period - Stopped by Steve Mason without a rebound.
10:35 of 2nd period - Calle Jarnkrok wins face-off versus J.T. Miller in Flyers zone.
10:35 of 2nd period - Calle Jarnkrok is hit by Yanni Gourde.
11:21 of 2nd period - Snap shot by Jordan Eberle.
11:21 of 2nd period - Shot Misses the Net.
11:43 of 2nd period - Slapshot by Travis Hamonic.
11:43 of 2nd period - Stopped by Steve Mason without a rebound.
11:44 of 2nd period - Calle Jarnkrok wins face-off versus Chris Tierney in Flyers zone.
12:21 of 2nd period - Penalty to Kevin Hayes is over, Kevin Hayes is back on ice.
12:37 of 2nd period - Snap shot by Kevin Hayes.
12:37 of 2nd period - Stopped by Petr Mrazek with a rebound.
12:55 of 2nd period - Wrist shot by Kyle Okposo.
12:55 of 2nd period - Shot Misses the Net.
12:59 of 2nd period - Snap shot by Michael Bournival.
12:59 of 2nd period - Stopped by Petr Mrazek with a rebound.
13:01 of 2nd period - Snap shot by Nathan Beaulieu.
13:01 of 2nd period - Stopped by Petr Mrazek without a rebound.
13:02 of 2nd period - Jordan Nolan wins face-off versus Matt Martin in Canucks zone.
14:07 of 2nd period - Icing by Jason Spezza.
14:08 of 2nd period - Patrice Bergeron wins face-off versus Robert Nilsson in Canucks zone.
14:09 of 2nd period - Backhand shot by Kyle Okposo.
14:09 of 2nd period - Stopped by Petr Mrazek with a rebound.
14:17 of 2nd period - Slapshot by Ben Harpur.
14:17 of 2nd period - Stopped by Steve Mason without a rebound.
14:18 of 2nd period - Jordan Nolan wins face-off versus Jordan Eberle in Flyers zone.
14:27 of 2nd period - Backhand shot by J.T. Miller.
14:27 of 2nd period - Stopped by Steve Mason with a rebound.
14:35 of 2nd period - Jordan Eberle is hit by Jordan Nolan and loses puck.
14:54 of 2nd period - Wrist shot by Kevin Hayes.
14:54 of 2nd period - Shot Misses the Net.
15:10 of 2nd period - Tony DeAngelo is hit by Ivan Provorov.
15:16 of 2nd period - Snap shot by Mark Jankowski.
15:16 of 2nd period - Shot Misses the Net.
16:16 of 2nd period - Matt Martin is hit by Michael Bournival and loses puck.
16:23 of 2nd period - Snap shot by Patrice Bergeron.
16:23 of 2nd period - Shot Blocked by Chris Tierney.
16:33 of 2nd period - Slapshot by Michael Bournival.
16:33 of 2nd period - Shot Blocked by Alex Goligoski.
16:45 of 2nd period - Snap shot by Patrice Bergeron.
16:45 of 2nd period - Stopped by Petr Mrazek with a rebound.
17:03 of 2nd period - Snap shot by Michael Bournival.
17:03 of 2nd period - Deflect By Alex Goligoski.
17:03 of 2nd period - Stopped by Petr Mrazek with a rebound.
17:05 of 2nd period - Snap shot by Patrice Bergeron.
17:05 of 2nd period - Stopped by Petr Mrazek with a rebound.
17:13 of 2nd period - Wrist shot by Patrice Bergeron.
17:13 of 2nd period - Stopped by Petr Mrazek without a rebound.
17:14 of 2nd period - Jordan Nolan wins face-off versus Yanni Gourde in Canucks zone.
17:41 of 2nd period - Jordan Nolan is hit by Travis Hamonic and loses puck.
17:48 of 2nd period - Snap shot by Daniel Zaar.
17:48 of 2nd period - Stopped by Steve Mason without a rebound.
17:49 of 2nd period - Yanni Gourde wins face-off versus Kevin Hayes in Flyers zone.
17:52 of 2nd period - Snap shot by Yanni Gourde.
17:52 of 2nd period - Stopped by Steve Mason with a rebound.
17:54 of 2nd period - Slapshot by Michael Kesselring.
17:54 of 2nd period - Deflect By J.T. Miller.
17:54 of 2nd period - Stopped by Steve Mason without a rebound.
17:55 of 2nd period - Kevin Hayes wins face-off versus Yanni Gourde in Flyers zone.
18:45 of 2nd period - Snap shot by Samuel Morin.
18:45 of 2nd period - Shot Misses the Net.
18:51 of 2nd period - Wrist shot by J.T. Miller.
18:51 of 2nd period - Shot Misses the Net.
18:53 of 2nd period - Snap shot by Jordan Eberle.
18:53 of 2nd period - Shot Misses the Net.
18:55 of 2nd period - Snap shot by Jordan Eberle.
18:55 of 2nd period - Shot Blocked by Ivan Provorov.
18:57 of 2nd period - Snap shot by Tony DeAngelo.
18:57 of 2nd period - Shot Blocked by Brian Lashoff.
19:01 of 2nd period - Snap shot by J.T. Miller.
19:01 of 2nd period - Goal by J.T. Miller - Canucks : 2 - Flyers : 1.
19:02 of 2nd period - Jordan Nolan wins face-off versus Chris Tierney in neutral zone.
19:33 of 2nd period - Wrist shot by Max Pacioretty.
19:33 of 2nd period - Stopped by Petr Mrazek without a rebound.
19:34 of 2nd period - Robert Nilsson wins face-off versus Calle Jarnkrok in Canucks zone.
19:34 of 2nd period - Robert Nilsson is hit by Niclas Bergfors.
19:40 of 2nd period - Snap shot by Robert Nilsson.
19:40 of 2nd period - Stopped by Steve Mason with a rebound.
19:42 of 2nd period - Snap shot by Mark Jankowski.
19:42 of 2nd period - Deflect By Robert Nilsson.
19:42 of 2nd period - Stopped by Steve Mason with a rebound.
19:44 of 2nd period - Wrist shot by Robert Nilsson.
19:44 of 2nd period - Stopped by Steve Mason with a rebound.
19:46 of 2nd period - Slapshot by Alex Goligoski.
19:46 of 2nd period - Goal by Alex Goligoski - Canucks : 3 - Flyers : 1.
19:47 of 2nd period - Jordan Nolan wins face-off versus Yanni Gourde in neutral zone.
19:47 of 2nd period - Jordan Nolan is hit by Travis Hamonic.
Goals for this period are 3 for Canucks vs 0 for Flyers.
Shots for this period are 16 for Canucks vs 13 for Flyers.
3rd period
0:01 of 3rd period - Jordan Nolan wins face-off versus Yanni Gourde in neutral zone.
0:12 of 3rd period - Wrist shot by Jordan Nolan.
0:12 of 3rd period - Shot Blocked by Tyler Cuma.
0:14 of 3rd period - Snap shot by Nick Ritchie.
0:14 of 3rd period - Stopped by Petr Mrazek with a rebound.
0:19 of 3rd period - Minor Penalty to Yanni Gourde for Roughing.
0:20 of 3rd period - Jordan Nolan wins face-off versus J.T. Miller in Canucks zone.
0:20 of 3rd period - Snap shot by Kasperi Kapanen.
0:20 of 3rd period - Stopped by Petr Mrazek without a rebound.
0:21 of 3rd period - J.T. Miller wins face-off versus Jordan Nolan in Canucks zone.
0:57 of 3rd period - Wrist shot by Travis Konecny.
0:57 of 3rd period - Stopped by Petr Mrazek without a rebound.
0:58 of 3rd period - Kevin Hayes wins face-off versus J.T. Miller in Canucks zone.
0:59 of 3rd period - Wrist shot by Travis Konecny.
0:59 of 3rd period - Shot Misses the Net.
2:19 of 3rd period - Penalty to Yanni Gourde is over, Yanni Gourde is back on ice.
3:03 of 3rd period - Matt Martin is hit by Samuel Morin and loses puck.
3:35 of 3rd period - Alex Goligoski is hit by Michael Bournival and loses puck.
4:06 of 3rd period - Slapshot by Ivan Provorov.
4:06 of 3rd period - Deflect By Travis Konecny.
4:06 of 3rd period - Stopped by Petr Mrazek with a rebound.
4:08 of 3rd period - Snap shot by Travis Konecny.
4:08 of 3rd period - Shot Misses the Net.
5:27 of 3rd period - Wrist shot by Kevin Hayes.
5:27 of 3rd period - Stopped by Petr Mrazek with a rebound.
5:45 of 3rd period - Slapshot by J.T. Miller.
5:45 of 3rd period - Shot Misses the Net.
6:05 of 3rd period - Brian Lashoff is hit by Matt Martin and loses puck.
6:38 of 3rd period - Minor Penalty to Tyler Cuma for Diving.
6:39 of 3rd period - Kasperi Kapanen wins face-off versus J.T. Miller in Canucks zone.
7:06 of 3rd period - Alex Goligoski is hit by Jacob Trouba and loses puck.
7:40 of 3rd period - Icing by Jacob Trouba.
7:41 of 3rd period - Jordan Nolan wins face-off versus J.T. Miller in Flyers zone.
8:38 of 3rd period - Penalty to Tyler Cuma is over, Tyler Cuma is back on ice.
8:45 of 3rd period - Yanni Gourde is hit by Cal Foote and loses puck.
8:58 of 3rd period - Chris Tierney is hit by Michael Bournival and loses puck.
9:15 of 3rd period - Snap shot by Denis Gurianov.
9:15 of 3rd period - Shot Misses the Net.
9:17 of 3rd period - Slapshot by Gilbert Brule.
9:17 of 3rd period - Deflect By Daniel Zaar.
9:17 of 3rd period - Shot Misses the Net.
9:17 of 3rd period - Puck is out of play.
9:18 of 3rd period - Robert Nilsson wins face-off versus Jordan Nolan in Flyers zone.
9:21 of 3rd period - Slapshot by Alex Goligoski.
9:21 of 3rd period - Stopped by Steve Mason without a rebound.
9:22 of 3rd period - Nick Ritchie wins face-off versus Robert Nilsson in Flyers zone.
9:22 of 3rd period - Nick Ritchie is hit by Alex Goligoski.
10:00 of 3rd period - Wrist shot by Kevin Hayes.
10:00 of 3rd period - Stopped by Petr Mrazek with a rebound.
10:20 of 3rd period - Wrist shot by Niclas Bergfors.
10:20 of 3rd period - Goal by Niclas Bergfors - Canucks : 3 - Flyers : 2.
10:21 of 3rd period - Yanni Gourde wins face-off versus Jordan Nolan in neutral zone.
10:48 of 3rd period - Jordan Nolan is hit by Mark Jankowski and loses puck.
10:55 of 3rd period - Wrist shot by Mark Jankowski.
10:55 of 3rd period - Shot Blocked by Jacob Trouba.
11:17 of 3rd period - Kevin Hayes is hit by Alex Goligoski and loses puck.
11:38 of 3rd period - Wrist shot by Max Pacioretty.
11:38 of 3rd period - Stopped by Petr Mrazek with a rebound.
11:40 of 3rd period - Snap shot by Calle Jarnkrok.
11:40 of 3rd period - Shot Misses the Net.
12:02 of 3rd period - Kyle Okposo is hit by Ben Harpur and loses puck.
12:31 of 3rd period - Slapshot by Travis Hamonic.
12:31 of 3rd period - Shot Blocked by Cal Foote.
12:44 of 3rd period - Icing by Brock Boeser.
12:45 of 3rd period - Jordan Nolan wins face-off versus Chris Tierney in Canucks zone.
12:46 of 3rd period - Snap shot by Kasperi Kapanen.
12:46 of 3rd period - Stopped by Petr Mrazek with a rebound.
12:58 of 3rd period - Snap shot by Chris Tierney.
12:58 of 3rd period - Shot Misses the Net.
13:00 of 3rd period - Wrist shot by Travis Hamonic.
13:00 of 3rd period - Stopped by Steve Mason with a rebound.
13:02 of 3rd period - Wrist shot by Matt Martin.
13:02 of 3rd period - Shot Blocked by Brian Lashoff.
13:04 of 3rd period - Slapshot by Brock Boeser.
13:04 of 3rd period - Stopped by Steve Mason with a rebound.
13:06 of 3rd period - Wrist shot by Brock Boeser.
13:06 of 3rd period - Stopped by Steve Mason with a rebound.
13:08 of 3rd period - Slapshot by Travis Hamonic.
13:08 of 3rd period - Shot Blocked by Brian Lashoff.
13:10 of 3rd period - Slapshot by Travis Hamonic.
13:10 of 3rd period - Stopped by Steve Mason without a rebound.
13:11 of 3rd period - Travis Konecny wins face-off versus Yanni Gourde in Flyers zone.
13:26 of 3rd period - Snap shot by J.T. Miller.
13:26 of 3rd period - Stopped by Steve Mason without a rebound.
13:27 of 3rd period - Jordan Nolan wins face-off versus Chris Tierney in Flyers zone.
13:54 of 3rd period - Kevin Hayes is hit by Jordan Eberle and loses puck.
14:41 of 3rd period - Jason Spezza is hit by Kyle Okposo and loses puck.
15:00 of 3rd period - Minor Penalty to Jason Spezza for Slashing.
15:01 of 3rd period - Jordan Nolan wins face-off versus J.T. Miller in Canucks zone.
15:14 of 3rd period - Ivan Provorov is hit by Alex Goligoski and loses puck.
15:27 of 3rd period - Alex Goligoski is hit by Brian Lashoff and loses puck.
16:04 of 3rd period - Yanni Gourde is hit by Nick Ritchie and loses puck.
17:00 of 3rd period - Penalty to Jason Spezza is over, Jason Spezza is back on ice.
17:10 of 3rd period - Wrist shot by Brock Boeser.
17:10 of 3rd period - Stopped by Steve Mason without a rebound.
17:11 of 3rd period - Patrice Bergeron wins face-off versus Robert Nilsson in Flyers zone.
17:57 of 3rd period - Slapshot by Travis Konecny.
17:57 of 3rd period - Goal by Travis Konecny - Canucks : 3 - Flyers : 3.
17:58 of 3rd period - Robert Nilsson wins face-off versus Calle Jarnkrok in neutral zone.
18:41 of 3rd period - Nathan Beaulieu is hit by Jordan Eberle.
18:45 of 3rd period - Yanni Gourde is hit by Jordan Nolan and loses puck.
19:56 of 3rd period - Off-side.
19:57 of 3rd period - Robert Nilsson wins face-off versus Max Pacioretty in neutral zone.
Goals for this period are 0 for Canucks vs 2 for Flyers.
Shots for this period are 7 for Canucks vs 10 for Flyers.
Overtime #1
0:01 of 1st overtime period - J.T. Miller wins face-off versus Jordan Nolan in neutral zone.
0:17 of 1st overtime period - Wrist shot by J.T. Miller.
0:17 of 1st overtime period - Stopped by Steve Mason without a rebound.
0:18 of 1st overtime period - Jordan Nolan wins face-off versus J.T. Miller in Flyers zone.
0:47 of 1st overtime period - Wrist shot by Yanni Gourde.
0:47 of 1st overtime period - Shot Misses the Net.
3:26 of 1st overtime period - Icing by Brian Lashoff.
3:27 of 1st overtime period - Jordan Nolan wins face-off versus J.T. Miller in Flyers zone.
3:58 of 1st overtime period - Snap shot by Kasperi Kapanen.
3:58 of 1st overtime period - Shot Misses the Net.
4:45 of 1st overtime period - Slapshot by Nathan Beaulieu.
4:45 of 1st overtime period - Stopped by Petr Mrazek without a rebound.
4:46 of 1st overtime period - Jordan Nolan wins face-off versus J.T. Miller in Canucks zone.
4:57 of 1st overtime period - Wrist shot by Nick Ritchie.
4:57 of 1st overtime period - Stopped by Petr Mrazek with a rebound.
Goals for this period are 0 for Canucks vs 0 for Flyers.
Shots for this period are 1 for Canucks vs 2 for Flyers.
ShootOut
5:00 of 1st overtime period - Round #1.
5:00 of 1st overtime period - Canucks, J.T. Miller.
5:00 of 1st overtime period - Backhand shot by J.T. Miller.
5:00 of 1st overtime period - Stopped by Steve Mason.
5:00 of 1st overtime period - Flyers, Nick Ritchie.
5:00 of 1st overtime period - Deke by Nick Ritchie.
5:00 of 1st overtime period - Stopped by Petr Mrazek.
5:00 of 1st overtime period - Round #2.
5:00 of 1st overtime period - Canucks, Jordan Eberle.
5:00 of 1st overtime period - Backhand shot by Jordan Eberle.
5:00 of 1st overtime period - Stopped by Steve Mason.
5:00 of 1st overtime period - Flyers, Kasperi Kapanen.
5:00 of 1st overtime period - Deke by Kasperi Kapanen.
5:00 of 1st overtime period - Goal by Kasperi Kapanen.
5:00 of 1st overtime period - Round #3.
5:00 of 1st overtime period - Canucks, Yanni Gourde.
5:00 of 1st overtime period - Backhand shot by Yanni Gourde.
5:00 of 1st overtime period - Shot Misses the Net.